 Dungeon Crawl Stone Soup version 0.27-a0-686-gaed091b46b (webtiles) character file.

Game seed: 10606591987989975703

99 funkygono the Firebug (level 4, -6/30 HPs)
             Began as a Demonspawn Fire Elementalist on Mar 20, 2021.
             Mangled by a centaur zombie (8 damage)
             ... on level 3 of the Dungeon.
             The game lasted 00:06:06 (3329 turns).

funkygono the Firebug (DsFE)                        Turns: 3329, Time: 00:06:07

Health: -6/30      AC:  2    Str:  9    XL:     4   Next: 45%
Magic:  5/8        EV: 12    Int: 17    God:
Gold:   118        SH:  0    Dex: 13    Spells: 4/8 levels left

rFire    . . .     SeeInvis .   d - +0 whip
rCold    . . .     Faith    .   (no shield)
rNeg     . . .     Spirit   .   a - +0 robe
rPois    .         Reflect  .   (no helmet)
rElec    .         Harm     .   (no cloak)
rCorr    .         Rampage  .   (no gloves)
Will     .....                  (no boots)
Stlth    ++........             (no amulet)
HPRegen  0.10/turn              (no ring)
MPRegen  0.11/turn              (no ring)

@: no status effects
A: talons 1, powered by pain 1, demonic magic 1
a: no special abilities


You were on level 3 of the Dungeon.
You visited 1 branch of the dungeon, and saw 3 of its levels.

You collected 118 gold pieces.

Inventory:

Hand Weapons
 d - a +0 whip (weapon)
 h - a +0 mace
Missiles
 c - 116 stones
Armour
 a - a +0 robe (worn)
Scrolls
 e - a scroll of identify {unknown}
 i - a scroll of teleportation
Potions
 f - a potion of mutation {unknown}
 g - a potion of haste {unknown}
 j - a potion of resistance {unknown}


   Skills:
 + Level 1.8 Dodging
 - Level 1.7 Stealth
 * Level 2.8 Spellcasting
 * Level 2.0 Conjurations
 * Level 3.9 Fire Magic


You had 4 spell levels left.
You knew the following spells:

 Your Spells              Type           Power      Damage    Failure   Level
a - Foxfire               Conj/Fire      48%        2x1d6     5%          1
b - Conjure Flame         Conj/Fire      12%        6-21      16%         3

Your spell library contained the following spells:

 Spells                   Type           Power      Damage    Failure   Level
 Animate Skeleton         Necr           4%         N/A       19%         1
 Apportation              Tloc           4%         N/A       19%         1
 Corona                   Hex            2%         N/A       19%         1
 Summon Small Mammal      Summ           8%         N/A       19%         1
 Inner Flame              Hex/Fire       9%         N/A       24%         3
 Sticky Flame             Conj/Fire      12%        2d4       45%         4
 Fireball                 Conj/Fire      6%         3d5       82%         5


Dungeon Overview and Level Annotations

Branches:
Dungeon (3/15)

Altars:


Innate Abilities, Weirdness & Mutations

You have sharp toenails.
You sometimes gain a little power by taking damage.
Spells you cast may paralyse adjacent enemies.


Message History

The adder is severely wounded.
The foxfire hits the adder.
The adder is almost dead.
You see here 6 poisoned darts.
The adder bites you but does no damage.
You hit the adder.
You kill the adder!
The centaur zombie hits you. x2
You see here an adder corpse.
You hit the centaur zombie.
The centaur zombie is lightly damaged.
The centaur zombie hits you.
You hit the centaur zombie.
The centaur zombie is lightly damaged.
The centaur zombie hits you. The centaur zombie barely misses you.
You hit the centaur zombie. You claw the centaur zombie.
The centaur zombie is moderately damaged.
The centaur zombie barely misses you. The centaur zombie misses you.
Casting: Foxfire (safe; 5% risk of failure)
Confirm with . or Enter, or press ? or * to list all spells.
You conjure some foxfire!
Malevolent energies surge around you. The centaur zombie hits you.
The foxfire hits the centaur zombie.
The centaur zombie is moderately damaged.
The centaur zombie hits you.
The centaur zombie completely misses you.
The centaur zombie barely misses you. The centaur zombie hits you.
* * * LOW HITPOINT WARNING * * *
The centaur zombie closely misses you.
Okay, then.
As you read the scroll of fear, it crumbles to dust.
You assume a fearsome visage.
The worm looks frightened!
The centaur zombie is unaffected.
The centaur zombie hits you.
* * * LOW HITPOINT WARNING * * *
Unknown command.
The centaur zombie closely misses you. The centaur zombie hits you!
You die...

....... #...# ##.. ......
####...# ##..# .....
##......# ##..## ....
##..##...# ##..## .....
##..###...# #..## .. ...
##..## #...###.## .# #...
#..## ##...#..### .#
#..######.#### ###......#
.#
#........Z@.########.##.###
.#
####.######................
.# ##..# ######...###..##
.# ##..## ##..### ##.# ##
#..## ####..## #<## # #.##
##....## #... # ###.#
##.†#### #### # #...#
##..## #####.### #..##
##### ##


You could see a centaur zombie.

Vanquished Creatures
  4 adders
  3 leopard geckos
  3 orcs (D:3)
  3 giant cockroaches
  4 goblins
  6 hobgoblins
  6 jackals
  3 ball pythons
  6 bats
  5 frilled lizards
  10 kobolds
  5 rats
58 creatures vanquished.

Vanquished Creatures (others)
  148 foxfires
148 creatures vanquished.

Grand Total: 206 creatures vanquished

Notes
Turn   | Place    | Note
-------+----------+-------------------------------------------
     0 | D:1      | funkygono the Demonspawn Fire Elementalist began the quest
                  | for the Orb.
     0 | D:1      | Reached XP level 1. HP: 13/13 MP: 3/3
   494 | D:1      | Reached skill level 3 in Fire Magic
   524 | D:1      | Gained mutation: You have sharp toenails. [demonic
                  | ancestry]
   524 | D:1      | Reached XP level 2. HP: 19/19 MP: 3/5
   793 | D:1      | Found Pimus's Magic Scroll Emporium.
  1130 | D:2      | Gained mutation: You sometimes gain a little power by
                  | taking damage. [demonic ancestry]
  1130 | D:2      | Reached XP level 3. HP: 24/24 MP: 1/6
  1134 | D:2      | Learned a level 3 spell: Conjure Flame
  1205 | D:2      | Found a faded altar of an unknown god.
  2946 | D:3      | Gained mutation: Spells you cast may paralyse adjacent
                  | enemies. [demonic ancestry]
  2946 | D:3      | Reached XP level 4. HP: 30/30 MP: 4/7
  3329 | D:3      | Mangled by a centaur zombie

Illustrated notes

Levels and vault maps discovered:
D:1:      lemuel_arrival_tunnels, layout_rooms, serial_shops, shop,
          patterned_corridor
D:2:      layout_basic, chequers_ecumenical_altar_twisty
D:3:      layout_rooms

Skill      XL: |  1  2  3  4 |
---------------+-------------+-----
Fire Magic     | 3 |  3.9
Conjurations   | 2 |  2.0
Dodging        | |  1.8
Stealth        | |  1.7
Spellcasting   | |  2.8

Action                   |  1- 3 |  4- 6 || total
-------------------------+-------+-------++-------
Melee: Club              |     2 |       ||     2
       Whip              |       |     4 ||     4
       Kick              |       |     1 ||     1
 Cast: Foxfire           |    66 |    25 ||    91
       Conjure Flame     |     2 |       ||     2
  Use: Scroll            |     4 |     1 ||     5
Armor: Robe              |    12 |     1 ||    13
Dodge: Dodged            |    36 |    17 ||    53

Table legend: (Time is in decaauts)
 A = Elapsed time spent in this place.
 B = Non-inter-level travel time spent in this place.
 C = Inter-level travel time spent in this place.
 D = Time resting spent in this place.
 E = Time spent auto-exploring this place.
 F = Levels seen in this place.
 G = Mean time per level.
                   A        B        C        D        E       F      G
               +--------+--------+--------+--------+--------+-----+--------+
         Total |   3328 |   3291 |     37 |     55 |   2815 |   3 | 1109.3 |
       Dungeon |   3328 |   3291 |     37 |     55 |   2815 |   3 | 1109.3 |
               +--------+--------+--------+--------+--------+-----+--------+

Top non-repeatable levels by time:
     D:2: 1879 daAuts
     D:1: 954 daAuts
     D:3: 495 daAuts
